 Dungeon Crawl Stone Soup version 0.22.1-2-g9c5b331 (webtiles) character file.

209 tidbits the Caller (level 5, -4/37 HPs)
             Began as a Gnoll Summoner on Dec 6, 2018.
             Killed from afar by an orc wizard (7 damage)
             ... with a puff of frost
             ... on level 6 of the Dungeon.
             The game lasted 00:07:25 (675 turns).

tidbits the Caller (Gnoll Summoner)                  Turns: 675, Time: 00:07:26

Health: -4/37      AC:  2    Str: 11      XL:     5   Next: 87%
Magic:  10/12      EV: 15    Int: 21 (22) God:
Gold:   90         SH:  0    Dex: 15      Spells: 4/14 levels left

rFire    . . .     SeeInvis .   a - +0 dagger
rCold    . . .     Gourm    .   (no shield)
rNeg     . . .     Faith    .   d - +0 robe
rPois    .         Spirit   .   (no helmet)
rElec    .         Reflect  .   (no cloak)
rCorr    .         Harm     .   (no gloves)
MR       .....                  (no boots)
Stlth    +++.......             (no amulet)
HPRegen  0.12/turn              g - +4 ring of intelligence
MPRegen  0.13/turn              (no ring)

@: flying
A: distributed training, fangs 1, strong nose
a: no special abilities


You were on level 6 of the Dungeon.
You were not hungry.

You visited 1 branch of the dungeon, and saw 7 of its levels.

You collected 90 gold pieces.

Inventory:

Hand Weapons
 a - a +0 dagger (weapon)
 e - a +0 rapier
Armour
 d - a +0 robe (worn)
 f - a +0 ring mail
Jewellery
 g - a +4 ring of intelligence (left hand)
   (You found it on level 3 of the Dungeon)
Wands
 h - a wand of paralysis (15)
Scrolls
 i - 2 scrolls of identify
Potions
 j - 2 potions of resistance
Comestibles
 c - 4 rations


   Skills:
 + Level 1.6 Fighting
 + Level 1.6 Short Blades
 + Level 1.6 Long Blades
 + Level 1.6 Axes
 + Level 1.6 Maces & Flails
 + Level 1.6 Polearms
 + Level 1.6 Staves
 + Level 1.6 Slings
 + Level 1.6 Bows
 + Level 1.6 Crossbows
 + Level 1.6 Throwing
 + Level 1.6 Armour
 + Level 4.8 Dodging
 + Level 4.4 Stealth
 + Level 1.6 Shields
 + Level 1.6 Unarmed Combat
 + Level 5.2 Spellcasting
 + Level 1.3 Conjurations
 + Level 1.3 Hexes
 + Level 1.3 Charms
 + Level 7.2 Summonings
 + Level 1.3 Necromancy
 + Level 1.3 Translocations
 + Level 1.3 Transmutations
 + Level 1.3 Fire Magic
 + Level 1.3 Ice Magic
 + Level 1.3 Air Magic
 + Level 1.3 Earth Magic
 + Level 1.3 Poison Magic
 + Level 1.8 Invocations
 + Level 1.6 Evocations


You had 4 spell levels left.
You knew the following spells:

 Your Spells              Type           Power        Failure   Level  Hunger
a - Summon Small Mammal   Summ           ####         1%          1    None
c - Call Canine Familiar  Summ           #####...     1%          3    ##.....
i - Call Imp              Summ           #####...     1%          2    None
L - Summon Lightning Spi  Summ/Air       ###.....     19%         4    ####...

Your spell library contained the following spells:

 Spells                   Type           Power        Failure   Level  Hunger
 Summon Guardian Golem    Hex/Summ       ###.....     5%          3    ##.....
 Summon Ice Beast         Ice/Summ       ###.....     19%         4    ####...


Dungeon Overview and Level Annotations

Branches:
Dungeon (7/15)
 Temple: D:4-7

Altars:
Trog


Innate Abilities, Weirdness & Mutations

Your experience applies equally to all skills.
You have very sharp teeth.
Your uncanny sense of smell can sniff out nearby items.


Message History

There is a stone staircase leading down here.
You climb downwards.
There is a stone staircase leading up here.
Unknown command.
Unknown command.
Found 26 stones.
Unknown command.
A bullfrog comes into view.
Found 13 gold pieces.
There is a stone staircase leading up here.
You climb upwards.
There is a stone staircase leading down here.
Unknown command.
Unknown command.
Unknown command.
You open the door.
An orc, an orc wizard and a zombie come into view.
Found 15 gold pieces.
The orc wizard shouts!
You hear a shout! x2
Casting: Call Imp (safe; 1% risk of failure)
Confirm with . or Enter, or press ? or * to list all spells.
You don't know that spell.
Unknown command.
Adjust (i)tems, (s)pells, or (a)bilities?
Adjust which spell? b - Summon Lightning Spire Adjust to which letter?
L - Summon Lightning Spire Unknown command.
Casting: Call Imp (safe; 1% risk of failure)
Confirm with . or Enter, or press ? or * to list all spells.
Aiming: Summon Lightning Spire (slightly dangerous; 21% risk of failure)
Press: ? - help, Dir - move target cursor An electric hum fills the air.
Unknown command.
Your lightning spire shoots out a bolt of lightning at the orc!
The bolt of electricity hits the orc.
You hit the orc.
You kill the orc!
An orc comes into view. It is wielding a short sword.
You see here a club.
Your lightning spire shoots out a bolt of lightning at the bullfrog zombie!
The bolt of electricity hits the bullfrog zombie.
The bolt of electricity hits the orc.
The orc dies!
Unknown command.
You completely miss the bullfrog zombie.
The bullfrog zombie is moderately damaged.
The bullfrog zombie hits you.
* * * LOW HITPOINT WARNING * * *
You hit the bullfrog zombie.
The bullfrog zombie is heavily damaged.
The bullfrog zombie hits you but does no damage.
You hit the bullfrog zombie.
The bullfrog zombie is heavily damaged.
The bullfrog zombie hits you!
* * * LOW HITPOINT WARNING * * *
The bullfrog zombie completely misses you.
You closely miss the bullfrog zombie.
You bite the bullfrog zombie, but do no damage.
The bullfrog zombie is heavily damaged.
The bullfrog zombie barely misses you.
You hit the bullfrog zombie.
The bullfrog zombie is severely damaged.
The bullfrog zombie hits you.
* * * LOW HITPOINT WARNING * * *
It was a potion of flight.
You feel very buoyant.
You fly up into the air.
The bullfrog zombie barely misses you.
Your lightning spire shoots out a bolt of lightning at the bullfrog zombie!
The bolt of electricity hits the bullfrog zombie.
The bullfrog zombie is destroyed!
You feel your intelligence returning.
An orc priest comes into view.
You see here a club.
Unknown command.
Evoke which item? (* to show all) (? for menu, Esc to quit)
Aiming: Paralyse
Press: ? - help, Shift-Dir - straight line, f - orc priest
Aim: an orc priest, wearing a scale mail (chance to defeat MR: 50%)
The orc priest suddenly stops moving!
You see here a club.
Unknown command.
The helpless orc priest fails to defend itself.
You impale the orc priest!!
You kill the orc priest!
You see here a scale mail.
There is an open door here.
You see here a short sword.
The orc wizard shouts!
You see here 15 gold pieces.
Unknown command.
Evoke which item? (* to show all) (? for menu, Esc to quit)
Aiming: Paralyse
Press: ? - help, Shift-Dir - straight line, f - orc wizard
Aim: an orc wizard, wielding a dagger and wearing a robe (chance to defeat MR: The orc wizard resists with some effort.
The orc wizard gestures at you while chanting.
The puff of frost hits you!
You die...

#.....).†....##.#
#......#####..#.#
######## ##.#.#
########...##
#8..........#
#)#######...# #[#
#...##
##)#######....#
#.@...o.##.#..##
#.......##.#...#
#.......##.#...#
#........#.##..#
#........#....>#
########.#######
.#


You could see an orc wizard and a friendly lightning spire.

Vanquished Creatures
  An ice beast (D:6)
  An orc priest (D:6)
  3 gnolls (D:6)
  An adder (D:4)
  An orc (D:6)
  A ball python (D:1)
  A goblin (D:3)
  A jackal (D:4)
  A kobold (D:1)
  2 rats (D:2)
13 creatures vanquished.

Vanquished Creatures (collateral kills)
  A bullfrog zombie (D:6)
  A worker ant (D:6)
  An adder (D:4)
  A worm (D:4)
  A leopard gecko (D:4)
  An orc (D:6)
  2 giant cockroaches
  A hobgoblin (D:3)
  2 jackals (D:4)
  A quokka (D:4)
  A bat (D:1)
  A frilled lizard (D:1)
  A leopard gecko skeleton (D:4)
  2 rats (D:1)
17 creatures vanquished.

Grand Total: 30 creatures vanquished

Notes
Turn   | Place    | Note
-------+----------+-------------------------------------------
     0 | D:1      | tidbits the Gnoll Summoner began the quest for the Orb.
     0 | D:1      | Reached XP level 1. HP: 13/13 MP: 6/6
   159 | D:3      | Found a bloodstained altar of Trog.
   192 | D:4      | Reached XP level 2. HP: 19/19 MP: 2/7
   196 | D:4      | Learned a level 2 spell: Call Imp
   370 | D:5      | Entered Level 5 of the Dungeon
   499 | D:4      | Reached skill level 5 in Spellcasting
   499 | D:4      | Reached XP level 3. HP: 21/25 MP: 7/9
   504 | D:4      | Learned a level 3 spell: Call Canine Familiar
   540 | D:4      | You fall through a shaft for 2 floors!
   540 | D:6      | Noticed an ice beast
   557 | D:6      | HP: 2/25 [ice beast (5)]
   568 | D:6      | Killed an ice beast
   568 | D:6      | Reached skill level 1 in Fighting
   568 | D:6      | Reached skill level 1 in Short Blades
   568 | D:6      | Reached skill level 1 in Long Blades
   568 | D:6      | Reached skill level 1 in Axes
   568 | D:6      | Reached skill level 1 in Maces & Flails
   568 | D:6      | Reached skill level 1 in Polearms
   568 | D:6      | Reached skill level 1 in Staves
   568 | D:6      | Reached skill level 1 in Slings
   568 | D:6      | Reached skill level 1 in Bows
   568 | D:6      | Reached skill level 1 in Crossbows
   568 | D:6      | Reached skill level 1 in Throwing
   568 | D:6      | Reached skill level 1 in Armour
   568 | D:6      | Reached skill level 1 in Shields
   568 | D:6      | Reached skill level 1 in Unarmed Combat
   568 | D:6      | Reached skill level 1 in Conjurations
   568 | D:6      | Reached skill level 1 in Hexes
   568 | D:6      | Reached skill level 1 in Charms
   568 | D:6      | Reached skill level 1 in Necromancy
   568 | D:6      | Reached skill level 1 in Translocations
   568 | D:6      | Reached skill level 1 in Transmutations
   568 | D:6      | Reached skill level 1 in Fire Magic
   568 | D:6      | Reached skill level 1 in Ice Magic
   568 | D:6      | Reached skill level 1 in Air Magic
   568 | D:6      | Reached skill level 1 in Earth Magic
   568 | D:6      | Reached skill level 1 in Poison Magic
   568 | D:6      | Reached skill level 1 in Invocations
   568 | D:6      | Reached skill level 1 in Evocations
   568 | D:6      | Reached XP level 4. HP: 10/32 MP: 7/11
   571 | D:6      | HP: 3/32 [worker ant (8)]
   571 | D:6      | Reached XP level 5. HP: 3/37 MP: 7/12
   577 | D:6      | Learned a level 4 spell: Summon Lightning Spire
   584 | D:6      | Noticed a hippogriff
   661 | D:6      | HP: 6/37 [bullfrog zombie (7)]
   663 | D:6      | HP: 2/37 [bullfrog zombie (4)]
   675 | D:6      | Killed from afar by an orc wizard

Skill      XL: |  1  2  3 |
---------------+----------+-----
Spellcasting   | 5 |  5.2
Fighting       | 1 |  1.6
Short Blades   | 1 |  1.6
Long Blades    | 1 |  1.6
Axes           | 1 |  1.6
Maces & Flails | 1 |  1.6
Polearms       | 1 |  1.6
Staves         | 1 |  1.6
Slings         | 1 |  1.6
Bows           | 1 |  1.6
Crossbows      | 1 |  1.6
Throwing       | 1 |  1.6
Armour         | 1 |  1.6
Shields        | 1 |  1.6
Unarmed Combat | 1 |  1.6
Conjurations   | 1 |  1.3
Hexes          | 1 |  1.3
Charms         | 1 |  1.3
Necromancy     | 1 |  1.3
Translocations | 1 |  1.3
Transmutations | 1 |  1.3
Fire Magic     | 1 |  1.3
Ice Magic      | 1 |  1.3
Air Magic      | 1 |  1.3
Earth Magic    | 1 |  1.3
Poison Magic   | 1 |  1.3
Invocations    | 1 |  1.8
Evocations     | 1 |  1.6
Dodging        | |  4.8
Stealth        | |  4.4
Summonings     | |  7.2

Action                   |  1- 3 |  4- 6 || total
-------------------------+-------+-------++-------
Melee: Dagger            |    26 |    13 ||    39
       Unarmed           |     2 |       ||     2
       Bite              |     1 |     2 ||     3
 Cast: Summon Small Mamm |    20 |       ||    20
       Call Imp          |     4 |       ||     4
       Call Canine Famil |     1 |       ||     1
       Summon Lightning  |       |     1 ||     1
Evoke: Wand              |       |     2 ||     2
  Use: Potion            |     6 |     1 ||     7
       Scroll            |       |     3 ||     3
 Stab: Sleeping          |     3 |     3 ||     6
       Paralysed         |       |     1 ||     1
Armor: Robe              |    10 |     1 ||    11
Dodge: Dodged            |    35 |     5 ||    40

Table legend:
 A = Turns spent in this place as a percentage of turns spent in the entire game.
 B = Non-inter-level travel turns spent in this place as a percentage of non-inter-level travel turns spent in the entire game.
 C = Inter-level travel turns spent in this place as a percentage of turns spent in this place.
 D = Turns resting spent in this place as a percentage of non-inter-level travel turns spent in this place.
 E = Turns spent auto-exploring this place as a percentage of non-inter-level travel turns spent in this place.
 F = Non-inter-level travel turns spent in this place divided by the number of levels of this place that you've seen.
                   A       B       C       D       E      F
               +-------+-------+-------+-------+-------+----------------------
         Total | 100.0 | 100.0 |   2.2 |   0.0 |   0.0 |  94.3
       Dungeon | 100.0 | 100.0 |   2.2 |   0.0 |   0.0 |  94.3
               +-------+-------+-------+-------+-------+----------------------

Table legend:
 A = Kills in this place as a percentage of kills in entire the game.
 B = Kills by you in this place as a percentage of kills by you in the entire game.
 C = Kills by friends in this place as a percentage of kills by friends in the entire game.
 D = Other kills in this place as a percentage of other kills in the entire game.
 E = Experience gained in this place as a percentage of experience gained in the entire game.
 F = Experience gained in this place divided by the number of levels of this place that you have seen.
                   A       B       C       D       E      F
               +-------+-------+-------+-------+-------+----------------------
         Total | 100.0 | 100.0 | 100.0 |   N/A | 100.0 |  42.7
       Dungeon | 100.0 | 100.0 | 100.0 |   N/A | 100.0 |  42.7
               +-------+-------+-------+-------+-------+----------------------

Vault maps used:
D:1:      scummos_arrival_checkerplants
D:2:      first_ration, minivault_27
D:3:      bloody_trog, hangedman_decor_opposing
D:4:      nicolae_qazlal_general_emergency
D:5:      lemuel_round_altar, basic_altar, minmay_misc_feat_ornament,
          fedhas_altar_1
D:6:      nicolae_temple_entry_ecumenical, serial_shops, shop,
          nrook_pool_corridor, hangedman_decor_riveting
D:7:      gammafunk_temple_overflow_pools, gammafunk_temple_overflow_wave
